 Dungeon Crawl Stone Soup version 0.31-a0-640-g39d97e502b (webtiles) character file.

Game seed: 5252894322643238767

47157 qw the Marksgargoyle (level 14, 0/92 HPs)
             Began as a Gargoyle Hunter on Aug 27, 2023.
             Was a High Priest of Okawaru.
             Slain by a skeletal warrior
             ... wielding a +0 glaive
              (11 damage)
             ... on level 12 of the Dungeon.
             The game lasted 00:09:50 (15033 turns).

qw the Marksgargoyle (Gargoyle Hunter)             Turns: 15033, Time: 00:09:51

Health: 0/92       AC: 22    Str: 15    XL:     14   Next: 40%
Magic:  20/23      EV: 23    Int: 11    God:    Okawaru [*****.]
Gold:   673        SH:  0    Dex: 17    Spells: 13/13 levels left

rFire   . . .        f - +0 longbow
rCold   . . .        (shield currently unavailable)
rNeg    + . .        c - +1 robe of the Quick God {rPois Regen+}
rPois   inf          q - +1 helmet
rElec   +            l - +3 cloak of the Hidden Vale {Will+ rCorr}
rCorr   +            (no gloves)
SInv    +            p - +0 pair of boots
Will    ++...        i - amulet of regeneration
Stlth   +++          a - +5 ring of evasion
HPRegen 1.95/turn    k - ring of see invisible
MPRegen 0.18/turn

%: no passive effects
@: about to teleport, heroic, finesse-ful, flying
A: sickness immunity, AC +10, big wings, negative energy resistance 1,
electricity resistance, torment resistance 1, petrification resistance, talons
1, high MP 1
a: Renounce Religion, Heroism, Finesse, Duel


You were on level 12 of the Dungeon.
You worshipped Okawaru.
Okawaru was extremely pleased with you.
You visited 3 branches of the dungeon, and saw 18 of its levels.

You collected 1019 gold pieces.
You spent 346 gold pieces at shops.


Innate Abilities, Weirdness & Mutations

You are immune to sickness and miasma.
Your stone body is resilient. (AC +10)
You are immune to poison.
Your large and strong wings let you fly.
You resist negative energy. (rN+)
You are resistant to electric shocks. (rElec)
You are resistant to unholy torment.
You are immune to petrification.
You have sharp toenails.
You have an increased reservoir of magic. (+10% MP)


   Skills:
 - Level 12.0(17.0) Fighting
 + Level 18.7(23.7) Ranged Weapons
 - Level 5.4(10.4) Armour
 - Level 6.0(11.0) Dodging
 - Level 1.1(6.1) Stealth
 - Level 10.0 Invocations


You had 13 spell levels left.
You didn't know any spells.
Your spell library was empty.

Inventory:

Hand Weapons
 f - a +0 longbow (weapon)
Armour
 b - a scarf of resistance
 c - the +1 robe of the Quick God (worn) {rPois Regen+}
   (You bought it in a shop on level 11 of the Dungeon)

   rPois:     It protects you from poison Regen+: It increases your rate of
   health regeneration.
 j - a +0 ring mail of fire resistance
 l - the +3 cloak of the Hidden Vale (worn) {Will+ rCorr}
   (You found it on level 3 of the Lair of Beasts)

   Will+:     It increases your willpower.
   rCorr:     It protects you from acid and corrosion.
 p - a +0 pair of boots (worn)
 q - a +1 helmet (worn)
Jewellery
 a - a +5 ring of evasion (left hand)
 i - an amulet of regeneration (around neck)
 k - a ring of see invisible (right hand)
 o - a ring of protection from cold
 Y - a +6 ring of strength
Wands
 m - a wand of digging (4)
Scrolls
 e - 2 scrolls of identify
 r - 5 scrolls of teleportation
Potions
 d - a potion of might
 g - a potion of haste
 h - 2 potions of magic
 s - a potion of heal wounds

Dungeon Overview and Level Annotations

Branches:
Dungeon (12/15)            Temple (1/1) D:5            Lair (5/5) D:11
  Swamp (0/4) Lair:2       Spider (0/4) Lair:2        Slime (0/5) Lair:4
    Orc (0/2) D:10

Altars:
Ashenzari
Cheibriados
Dithmenos
Elyvilon
Fedhas
Gozag
Hepliaklqana
Kikubaaqudgha
Makhleb
Nemelex Xobeh
Okawaru
Qazlal
Ru
Sif Muna
Trog
Uskayaw
Vehumet
Wu Jian
Xom
Yredelemnul
Zin
The Shining One
Jiyva

Shops:
D:6 [   D:11 [

Annotations:
Lair:2 3 runed translucent doors, qw's ghost, journeyman GrFi; qw's ghost, journeyman GrHs


Message History

You can now enter into single combat with a foe.
Okawaru will now gift you equipment as you gain piety.
You shoot an arrow. The arrow hits the human.
The human is lightly wounded.
The yak closely misses you.
The skeletal warrior completely misses you.
You shoot an arrow. The arrow hits the human.
The human is moderately wounded.
The human completely misses you.
You shoot an arrow. The arrow hits the human.
The human is heavily wounded.
The skeletal warrior completely misses you.
You shoot an arrow. The arrow hits the human!
The human is almost dead.
The human hits you but does no damage.
You shoot an arrow. The arrow hits the human!
You kill the human!
That felt strangely unrewarding.
You shoot an arrow. The arrow hits the yak!
The yak is heavily wounded.
The yak gores you. The yak gores you but does no damage.
The skeletal warrior hits you but does no damage.
The skeletal warrior hits you from afar with a +0 glaive!
You shoot an arrow. The arrow hits the yak!!
You kill the yak!
Okawaru accepts your kill.
You shoot an arrow.
The arrow hits the yak but does no damage.
You shoot an arrow. The arrow hits the yak!
The yak is heavily wounded.
The yak closely misses you.
The skeletal warrior hits you from afar with a +0 glaive!
The skeletal warrior hits you but does no damage.
15033 ||| READING 6 scrolls of teleportation.
As you read the scroll of teleportation, it crumbles to dust.
You feel strangely unstable.
The skeletal warrior hits you from afar with a +0 glaive!
The skeletal warrior hits you but does no damage.
The skeletal warrior hits you from afar with a +0 glaive!
You die...

##.........#
#..........#
...........#
...........#
...........##
........z...#
.......zzz#
.......%z##
.......Y@#
.......%##
.......>#
###....##
#####


You could see 5 skeletal warriors and a yak.

Vanquished Creatures
  Kirke (D:12)
  6 hydras
  2 boulder beetles
  3 two-headed ogres
  A catoblepas (D:9)
  Urug (Lair:3)
  Sonja (D:11)
  3 skysharks
  A pharaoh ant (Lair:2)
  Pikel (D:6)
  A manticore (D:12)
  3 elephants (Lair:5)
  A cyclops (D:11)
  An ugly thing (D:11)
  4 black mambas
  13 cane toads
  Maggie (D:7)
  5 komodo dragons
  2 rime drakes
  3 trolls
  2 hornets
  3 polar bears
  Prince Ribbit (D:5)
  35 blink frogs
  4 dream sheep (Lair:5)
  Sigmund (D:5)
  4 wyverns
  41 yaks
  5 basilisks
  6 humans (D:12)
  2 redbacks (Lair:2)
  11 vampire mosquitoes
  2 steam dragons
  Menkaure (D:5)
  Edmund (D:5)
  3 acid dragons
  13 water moccasins
  2 ice beasts
  6 orc warriors (D:10)
  9 wolves
  5 centaurs
  3 lemures (D:7)
  3 phantoms
  17 bullfrogs
  9 scorpions
  4 wights (D:9)
  15 killer bees
  A jelly (D:4)
  3 electric eels (Lair:5)
  8 hounds
  A gnoll bouda (D:6)
  11 orc priests
  2 iguanas
  2 sleepcaps (D:6)
  9 orc wizards
  5 hell rats (Lair:1)
  18 gnolls
  15 adders
  2 shadow imps
  3 white imps (D:6)
  4 dart slugs
  41 orcs
  11 ball pythons
  7 bats
  10 endoplasms
  6 giant cockroaches
  5 goblins
  6 hobgoblins
  7 quokkas
  2 frilled lizards
  5 kobolds
  3 rats
449 creatures vanquished.

Notes
Turn   | Place    | Note
-------+----------+-------------------------------------------
     0 | D:1      | qw the Gargoyle Hunter began the quest for the Orb.
     0 | D:1      | Reached XP level 1. HP: 12/12 MP: 1/1
     0 | D:1      | 0 ||| qw: Version: 0.3-a-74-g0d5e918
     0 | D:1      | 0 ||| qw: Game counter: 124
     0 | D:1      | 0 ||| qw: Melee chars always use a shield: true
     0 | D:1      | 0 ||| qw: God list: Okawaru
     0 | D:1      | 0 ||| qw: Allow faded altars: false
     0 | D:1      | 0 ||| qw: Do Orc after clearing Dungeon:15 true
     0 | D:1      | 0 ||| qw: Do second Lair branch before Depths: true
     0 | D:1      | 0 ||| qw: Lair rune preference: random
     0 | D:1      | 0 ||| qw: Goals: Normal
     0 | D:1      | 0 ||| PLANNING D:1-11
   298 | D:1      | Reached XP level 2. HP: 17/17 MP: 2/2
   767 | D:1      | 767 ||| UPGRADING to +0 ring mail.
   777 | D:1      | 777 ||| DROPPING +0 leather armour.
   778 | D:1      | 778 ||| UPGRADING to +0 cloak.
   783 | D:1      | 783 ||| READING scroll labelled IMANUFR NIOMN.
   784 | D:1      | 784 ||| READING 3 scrolls labelled IVUEHO LEFF.
   785 | D:1      | 785 ||| READING scroll labelled XUDGHA OCIUDEGH.
   786 | D:1      | 786 ||| READING 2 scrolls of identify.
   786 | D:1      | 786 ||| IDENTIFYING purple potion
   787 | D:1      | 787 ||| DROPPING scroll of butterflies.
   788 | D:1      | 788 ||| DROPPING potion of brilliance.
   823 | D:2      | Reached XP level 3. HP: 20/21 MP: 3/3
   900 | D:2      | Reached skill level 1 in Armour
  1003 | D:2      | 1003 ||| RETREATING.
  1008 | D:2      | 1008 ||| Stepping ~*~*~tactically~*~*~ (retreating).
  1016 | D:2      | Reached skill level 5 in Ranged Weapons
  1016 | D:2      | Reached XP level 4. HP: 24/26 MP: 4/4
  1070 | D:2      | Noticed a phantom
  1074 | D:2      | 1074 ||| Stepping ~*~*~tactically~*~*~ (retreating).
  1075 | D:2      | 1075 ||| Stepping ~*~*~tactically~*~*~ (retreating).
  1100 | D:2      | Killed a phantom
  1101 | D:2      | Reached XP level 5. HP: 31/33 MP: 5/5
  1333 | D:2      | You fall into a shaft and drop 1 floor!
  1498 | D:3      | Found a bloodstained altar of Trog.
  1532 | D:3      | 1532 ||| UPGRADING to +5 ring of evasion.
  1533 | D:3      | 1533 ||| READING scroll labelled WARPHA TONOLUUT.
  1534 | D:3      | 1534 ||| READING scroll labelled QULEVO HOCS.
  1656 | D:2      | Found a faded altar of an unknown god.
  1739 | D:2      | Reached skill level 6 in Ranged Weapons
  2026 | D:2      | 2026 ||| READING scroll labelled ZASTRUA ZUUDD.
  2027 | D:2      | 2027 ||| READING scroll labelled OCURHI BUYW.
  2094 | D:3      | Found a shimmering altar of Xom.
  2209 | D:3      | Found a sparkling altar of Nemelex Xobeh.
  2468 | D:3      | Reached XP level 6. HP: 38/38 MP: 6/6
  2468 | D:3      | Found a sacrificial altar of Ru.
  2587 | D:3      | 2587 ||| UPGRADING to +1 robe of fire resistance.
  2603 | D:3      | 2603 ||| READING scroll labelled ZEMUPLEFFA.
  3120 | D:4      | Found a glowing golden altar of the Shining One.
  3121 | D:4      | 3121 ||| DRINKING 2 metallic yellow potions.
  3268 | D:4      | Reached skill level 7 in Ranged Weapons
  3483 | D:4      | Reached XP level 7. HP: 43/43 MP: 7/7
  3602 | D:4      | 3602 ||| SWAPPING to +0 orcbow.
  3604 | D:4      | 3604 ||| DROPPING +0 shortbow.
  3673 | D:4      | 3673 ||| DROPPING potion of berserk rage.
  3684 | D:5      | Entered Level 5 of the Dungeon
  3685 | D:5      | 3685 ||| PLANNING SEWER
  3765 | D:5      | Noticed Sigmund
  3768 | D:5      | Noticed Menkaure
  3769 | D:5      | 3769 ||| RETREATING.
  3784 | D:5      | Killed Sigmund
  3785 | D:5      | Reached skill level 8 in Ranged Weapons
  3871 | D:5      | 3871 ||| Stepping ~*~*~tactically~*~*~ (retreating).
  3872 | D:5      | 3872 ||| Stepping ~*~*~tactically~*~*~ (retreating).
  3873 | D:5      | 3873 ||| Stepping ~*~*~tactically~*~*~ (retreating).
  3874 | D:5      | 3874 ||| Stepping ~*~*~tactically~*~*~ (retreating).
  3875 | D:5      | 3875 ||| Stepping ~*~*~tactically~*~*~ (retreating).
  3876 | D:5      | 3876 ||| Stepping ~*~*~tactically~*~*~ (retreating).
  3879 | D:5      | 3879 ||| Stepping ~*~*~tactically~*~*~ (retreating).
  3880 | D:5      | 3880 ||| Stepping ~*~*~tactically~*~*~ (retreating).
  3886 | D:5      | HP: 10/43 [Menkaure (14)]
  3888 | D:5      | Killed Menkaure
  3889 | D:5      | Reached XP level 8. HP: 11/49 MP: 8/8
  4041 | D:5      | Found a glowing drain.
  4042 | D:5      | 4042 ||| READING scroll labelled CIBIPEABEE.
  4062 | D:5      | HP: 12/49 [gnoll/+3 spear (2)]
  4154 | D:5      | Noticed Prince Ribbit
  4172 | D:5      | Killed Prince Ribbit
  4173 | D:5      | Reached skill level 9 in Ranged Weapons
  4312 | D:6      | 4312 ||| UPGRADING to scarf of resistance.
  4322 | D:6      | 4322 ||| UPGRADING to amulet of regeneration.
  4327 | D:6      | 4327 ||| READING scroll labelled ZIHIKHLA ASUIS.
  4360 | D:5      | 4360 ||| RIP SEWER
  4360 | D:5      | 4360 ||| PLANNING D:1-11
  4391 | D:5      | Found a shimmering blue altar of Sif Muna.
  4417 | D:5      | Reached skill level 6 in Fighting
  4451 | D:5      | Noticed Edmund
  4462 | D:5      | Killed Edmund
  4492 | D:5      | 4492 ||| Stepping ~*~*~tactically~*~*~ (outnumbered).
  4494 | D:5      | 4494 ||| Stepping ~*~*~tactically~*~*~ (outnumbered).
  4496 | D:5      | 4496 ||| Stepping ~*~*~tactically~*~*~ (outnumbered).
  4536 | D:5      | Reached skill level 10 in Ranged Weapons
  4634 | D:5      | Reached skill level 3 in Dodging
  4646 | D:5      | Reached XP level 9. HP: 55/55 MP: 9/9
  4681 | D:5      | Found the +11 Singing Sword {sonic wave}
  4758 | D:5      | Found a staircase to the Ecumenical Temple.
  4759 | D:5      | 4759 ||| PLANNING TEMPLE
  4759 | D:5      | 4759 ||| READING scroll labelled GONAESK LIER.
  4782 | Temple   | Entered the Ecumenical Temple
  4783 | Temple   | 4783 ||| PLANNING OKAWARU WORSHIP
  4790 | Temple   | Became a worshipper of Warmaster Okawaru
  4791 | Temple   | 4791 ||| PLANNING D:1-11
  5071 | D:6      | 5071 ||| READING scroll labelled ZAGEP MESUSI.
  5080 | D:6      | 5080 ||| RETREATING.
  5082 | D:6      | 5082 ||| FLEEEEING.
  5085 | D:6      | 5085 ||| Stepping ~*~*~tactically~*~*~ (retreating).
  5090 | D:6      | 5090 ||| Stepping ~*~*~tactically~*~*~ (retreating).
  5091 | D:6      | 5091 ||| Stepping ~*~*~tactically~*~*~ (retreating).
  5092 | D:6      | 5092 ||| Stepping ~*~*~tactically~*~*~ (retreating).
  5093 | D:6      | 5093 ||| Stepping ~*~*~tactically~*~*~ (retreating).
  5094 | D:6      | 5094 ||| Stepping ~*~*~tactically~*~*~ (retreating).
  5095 | D:6      | 5095 ||| Stepping ~*~*~tactically~*~*~ (retreating).
  5095 | D:6      | HP: 8/57 [orc priest/divine providence (13)]
  5096 | D:6      | 5096 ||| Stepping ~*~*~tactically~*~*~ (retreating).
  5243 | D:6      | 5243 ||| DROPPING +0 ring mail.
  5244 | D:6      | 5244 ||| UPGRADING to +0 ring mail of fire resistance.
  5254 | D:6      | 5254 ||| DROPPING +1 robe of fire resistance.
  5363 | D:6      | Found Petzerimm's Armour Shoppe.
  5368 | D:6      | 5368 ||| BUYING +1 cloak of poison resistance (175 gold).
  5368 | D:6      | Bought a +1 cloak of poison resistance for 175 gold pieces
  5368 | D:6      | 5368 ||| SHOPLISTING +3 ring mail of Indecent Exposure
                  | {Contam Rampage MP-9 Str+7} (247 gold, have 126).
  5608 | D:6      | Found a radiant altar of Vehumet.
  5658 | D:6      | 5658 ||| DROPPING +0 cloak.
  5677 | D:7      | Noticed Pikel
  5678 | D:7      | 5678 ||| RETREATING.
  5680 | D:7      | 5680 ||| Stepping ~*~*~tactically~*~*~ (retreating).
  5687 | D:7      | Reached skill level 11 in Ranged Weapons
  5692 | D:7      | 5692 ||| READING scroll of teleportation.
  5695 | D:7      | HP: 11/57 [Pikel/+1 whip of flaming (4)]
  5770 | D:7      | Reached * piety under Okawaru
  5806 | D:7      | Reached skill level 1 in Invocations
  5956 | D:7      | 5956 ||| RETREATING.
  5959 | D:7      | 5959 ||| Stepping ~*~*~tactically~*~*~ (retreating).
  5960 | D:7      | 5960 ||| Stepping ~*~*~tactically~*~*~ (retreating).
  5961 | D:7      | 5961 ||| Stepping ~*~*~tactically~*~*~ (retreating).
  5962 | D:7      | 5962 ||| INVOKING Heroism.
  5964 | D:7      | 5964 ||| FLEEEEING.
  5965 | D:7      | 5965 ||| FLEEEEING.
  5967 | D:7      | 5967 ||| FLEEEEING.
  5968 | D:7      | 5968 ||| FLEEEEING.
  5972 | D:7      | 5972 ||| FLEEEEING.
  5973 | D:7      | 5973 ||| FLEEEEING.
  5975 | D:7      | 5975 ||| FLEEEEING.
  5977 | D:7      | 5977 ||| FLEEEEING.
  5978 | D:7      | 5978 ||| FLEEEEING.
  5980 | D:7      | 5980 ||| FLEEEEING.
  5981 | D:7      | 5981 ||| FLEEEEING.
  5983 | D:7      | 5983 ||| FLEEEEING.
  5984 | D:7      | 5984 ||| FLEEEEING.
  5985 | D:7      | 5985 ||| FLEEEEING.
  5987 | D:7      | 5987 ||| FLEEEEING.
  5988 | D:7      | 5988 ||| FLEEEEING.
  5989 | D:7      | 5989 ||| FLEEEEING.
  5991 | D:7      | 5991 ||| FLEEEEING.
  5992 | D:7      | 5992 ||| FLEEEEING.
  5993 | D:7      | 5993 ||| FLEEEEING.
  5994 | D:7      | 5994 ||| FLEEEEING.
  5995 | D:7      | 5995 ||| STAIRDANCE
  6003 | D:6      | 6003 ||| DRINKING 2 red potions.
  6004 | D:6      | 6004 ||| DRINKING 4 sapphire potions.
  6007 | D:7      | 6007 ||| INVOKING Heroism.
  6009 | D:7      | 6009 ||| STAIRDANCE
  6030 | D:6      | 6030 ||| INVOKING Heroism.
  6033 | D:6      | HP: 9/59 [Pikel/+1 whip of flaming (6)]
  6034 | D:6      | 6034 ||| DRINKING 3 potions of heal wounds.
  6035 | D:6      | Killed Pikel
  6036 | D:6      | Reached XP level 10. HP: 32/64 MP: 9/13
  6036 | D:6      | 6036 ||| FLEEEEING.
  6037 | D:6      | 6037 ||| FLEEEEING.
  6038 | D:6      | 6038 ||| FLEEEEING.
  6039 | D:6      | 6039 ||| FLEEEEING.
  6040 | D:6      | 6040 ||| FLEEEEING.
  6041 | D:6      | 6041 ||| FLEEEEING.
  6042 | D:6      | 6042 ||| FLEEEEING.
  6043 | D:6      | 6043 ||| FLEEEEING.
  6044 | D:6      | 6044 ||| FLEEEEING.
  6045 | D:6      | 6045 ||| FLEEEEING.
  6049 | D:6      | 6049 ||| INVOKING Heroism.
  6347 | D:7      | Noticed Maggie
  6348 | D:7      | 6348 ||| Stepping ~*~*~tactically~*~*~ (retreating).
  6349 | D:7      | 6349 ||| Stepping ~*~*~tactically~*~*~ (retreating).
  6363 | D:7      | 6363 ||| Stepping ~*~*~tactically~*~*~ (retreating).
  6364 | D:7      | 6364 ||| Stepping ~*~*~tactically~*~*~ (retreating).
  6365 | D:7      | 6365 ||| Stepping ~*~*~tactically~*~*~ (retreating).
  6366 | D:7      | 6366 ||| Stepping ~*~*~tactically~*~*~ (retreating).
  6367 | D:7      | 6367 ||| Stepping ~*~*~tactically~*~*~ (retreating).
  6368 | D:7      | 6368 ||| Stepping ~*~*~tactically~*~*~ (retreating).
  6369 | D:7      | 6369 ||| RETREATING.
  6374 | D:7      | 6374 ||| Stepping ~*~*~tactically~*~*~ (retreating).
  6375 | D:7      | 6375 ||| Stepping ~*~*~tactically~*~*~ (retreating).
  6376 | D:7      | 6376 ||| Stepping ~*~*~tactically~*~*~ (retreating).
  6377 | D:7      | 6377 ||| Stepping ~*~*~tactically~*~*~ (retreating).
  6383 | D:7      | 6383 ||| INVOKING Heroism.
  6384 | D:7      | 6384 ||| DRINKING potion of curing.
  6384 | D:7      | 6384 ||| (to cure confusion)
  6391 | D:7      | Killed Maggie
  6414 | D:7      | 6414 ||| INVOKING Heroism.
  6427 | D:7      | Reached skill level 12 in Ranged Weapons
  6583 | D:7      | 6583 ||| INVOKING Heroism.
  6586 | D:7      | Reached skill level 3 in Armour
  6618 | D:7      | Found a glowing silver altar of Zin.
  6687 | D:7      | 6687 ||| UPGRADING to +0 acid dragon scales.
  6697 | D:7      | 6697 ||| READING scroll labelled REIMIE BULAU.
  6784 | D:8      | 6784 ||| Stepping ~*~*~tactically~*~*~ (retreating).
  6785 | D:8      | 6785 ||| INVOKING Heroism.
  6786 | D:8      | 6786 ||| Stepping ~*~*~tactically~*~*~ (retreating).
  6787 | D:8      | 6787 ||| Stepping ~*~*~tactically~*~*~ (retreating).
  6828 | D:8      | Found a stormy altar of Qazlal.
  6876 | D:8      | 6876 ||| INVOKING Heroism.
  7500 | D:9      | Noticed a catoblepas
  7501 | D:9      | 7501 ||| INVOKING Heroism.
  7514 | D:9      | HP: 10/64 [catoblepas (23)]
  7515 | D:9      | 7515 ||| DRINKING 3 potions of heal wounds.
  7517 | D:9      | Killed a catoblepas
  7517 | D:9      | Reached ** piety under Okawaru
  7518 | D:9      | Reached skill level 13 in Ranged Weapons
  7562 | D:9      | 7562 ||| Stepping ~*~*~tactically~*~*~ (outnumbered).
  7575 | D:9      | 7575 ||| INVOKING Heroism.
  7633 | D:9      | 7633 ||| INVOKING Heroism.
  7687 | D:9      | 7687 ||| INVOKING Heroism.
  7691 | D:9      | Reached skill level 9 in Fighting
  7697 | D:9      | HP: 15/66 [killer bee (6)]
  7698 | D:9      | 7698 ||| DRINKING 2 potions of heal wounds.
  7818 | D:9      | Reached XP level 11. HP: 71/71 MP: 14/14
  7839 | D:9      | 7839 ||| INVOKING Heroism.
  8044 | D:9      | Noticed a two-headed ogre
  8045 | D:9      | 8045 ||| INVOKING Heroism.
  8054 | D:9      | Killed a two-headed ogre
  8175 | D:9      | 8175 ||| UPGRADING to +6 ring of strength.
  8176 | D:9      | 8176 ||| READING scroll labelled BENKUOTAATE.
  8177 | D:9      | 8177 ||| DRINKING 2 fuming brown potions.
  8178 | D:9      | 8178 ||| READING 2 scrolls of identify.
  8178 | D:9      | 8178 ||| IDENTIFYING bubbling golden potion
  8179 | D:9      | 8179 ||| DROPPING potion of invisibility.
  8211 | D:10     | Entered Level 10 of the Dungeon
  8319 | D:10     | 8319 ||| RETREATING.
  8325 | D:10     | 8325 ||| Stepping ~*~*~tactically~*~*~ (retreating).
  8326 | D:10     | 8326 ||| Stepping ~*~*~tactically~*~*~ (retreating).
  8331 | D:10     | 8331 ||| Stepping ~*~*~tactically~*~*~ (retreating).
  8340 | D:10     | Reached *** piety under Okawaru
  8345 | D:10     | Reached skill level 14 in Ranged Weapons
  8497 | D:10     | 8497 ||| RETREATING.
  8501 | D:10     | 8501 ||| Stepping ~*~*~tactically~*~*~ (retreating).
  8502 | D:10     | 8502 ||| Stepping ~*~*~tactically~*~*~ (retreating).
  8503 | D:10     | 8503 ||| Stepping ~*~*~tactically~*~*~ (retreating).
  8504 | D:10     | 8504 ||| Stepping ~*~*~tactically~*~*~ (retreating).
  8505 | D:10     | 8505 ||| Stepping ~*~*~tactically~*~*~ (retreating).
  8506 | D:10     | 8506 ||| Stepping ~*~*~tactically~*~*~ (retreating).
  8507 | D:10     | 8507 ||| Stepping ~*~*~tactically~*~*~ (retreating).
  8510 | D:10     | 8510 ||| INVOKING Heroism.
  8549 | D:10     | 8549 ||| INVOKING Heroism.
  8731 | D:10     | 8731 ||| INVOKING Heroism.
  8734 | D:10     | 8734 ||| RETREATING.
  8744 | D:10     | 8744 ||| Stepping ~*~*~tactically~*~*~ (retreating).
  8750 | D:10     | 8750 ||| Stepping ~*~*~tactically~*~*~ (retreating).
  8754 | D:10     | 8754 ||| INVOKING Heroism.
  8761 | D:10     | HP: 18/72 [orc priest/divine providence (17)]
  8762 | D:10     | 8762 ||| DRINKING potion of heal wounds.
  8775 | D:10     | 8775 ||| INVOKING Heroism.
  8780 | D:10     | 8780 ||| FLEEEEING.
  8788 | D:10     | 8788 ||| FLEEEEING.
  8789 | D:10     | 8789 ||| FLEEEEING.
  8790 | D:10     | 8790 ||| FLEEEEING.
  8791 | D:10     | 8791 ||| FLEEEEING.
  8792 | D:10     | 8792 ||| FLEEEEING.
  8793 | D:10     | 8793 ||| FLEEEEING.
  8794 | D:10     | 8794 ||| INVOKING Heroism.
  8841 | D:10     | 8841 ||| INVOKING Heroism.
  8897 | D:10     | Found a staircase to the Orcish Mines.
  8963 | D:10     | 8963 ||| INVOKING Heroism.
  9147 | D:10     | 9147 ||| UPGRADING to +0 helmet.
  9152 | D:10     | 9152 ||| READING 2 scrolls of identify.
  9152 | D:10     | 9152 ||| IDENTIFYING glowing blue potion
  9153 | D:10     | 9153 ||| DROPPING potion of degeneration.
  9218 | D:11     | Noticed a two-headed ogre
  9219 | D:11     | 9219 ||| INVOKING Heroism.
  9224 | D:11     | Killed a two-headed ogre
  9235 | D:11     | Noticed a two-headed ogre
  9236 | D:11     | Noticed a red ugly thing
  9237 | D:11     | 9237 ||| RETREATING.
  9241 | D:11     | 9241 ||| INVOKING Heroism.
  9243 | D:11     | Killed a red ugly thing
  9245 | D:11     | Killed a two-headed ogre
  9267 | D:11     | 9267 ||| Stepping ~*~*~tactically~*~*~ (retreating).
  9268 | D:11     | 9268 ||| Stepping ~*~*~tactically~*~*~ (retreating).
  9269 | D:11     | 9269 ||| Stepping ~*~*~tactically~*~*~ (retreating).
  9270 | D:11     | 9270 ||| Stepping ~*~*~tactically~*~*~ (retreating).
  9271 | D:11     | 9271 ||| Stepping ~*~*~tactically~*~*~ (retreating).
  9272 | D:11     | 9272 ||| Stepping ~*~*~tactically~*~*~ (retreating).
  9287 | D:11     | Reached skill level 15 in Ranged Weapons
  9324 | D:11     | Found Ixiq's Antique Armour Shop.
  9330 | D:11     | 9330 ||| BUYING slimy robe (171 gold).
  9330 | D:11     | Bought a slimy robe for 171 gold pieces
  9330 | D:11     | Identified the +1 robe of the Quick God {rPois Regen+} (You
                  | bought it in a shop on level 11 of the Dungeon)
  9405 | D:11     | Noticed Sonja
  9420 | D:11     | Killed Sonja
  9420 | D:11     | Reached **** piety under Okawaru
  9421 | D:11     | Reached XP level 12. HP: 74/77 MP: 15/15
  9475 | D:11     | 9475 ||| INVOKING Heroism.
  9568 | D:11     | Found a staircase to the Lair.
  9655 | D:11     | 9655 ||| PLANNING LAIR
  9655 | D:11     | 9655 ||| UPGRADING to +1 robe of the Quick God {rPois
                  | Regen+}.
  9665 | D:11     | 9665 ||| DROPPING +0 acid dragon scales.
  9666 | D:11     | 9666 ||| DROPPING +0 steam dragon scales.
  9667 | D:11     | 9667 ||| UPGRADING to ring of see invisible.
  9669 | D:11     | 9669 ||| DRINKING 2 fuming amethyst potions.
  9669 | D:11     | Gained mutation: You occasionally lose the ability to read
                  | scrolls when taking damage. [potion of mutation]
  9669 | D:11     | Gained mutation: You have large cloven feet. [potion of
                  | mutation]
  9669 | D:11     | Gained mutation: You have an increased reservoir of magic.
                  | (+10% MP) [potion of mutation]
  9676 | D:11     | 9676 ||| DRINKING potion of mutation.
  9676 | D:11     | Lost mutation: You have large cloven feet. [potion of
                  | mutation]
  9676 | D:11     | Lost mutation: You occasionally lose the ability to read
                  | scrolls when taking damage. [potion of mutation]
  9676 | D:11     | Gained mutation: You have sharp toenails. [potion of
                  | mutation]
  9677 | D:11     | 9677 ||| READING 3 scrolls of identify.
  9677 | D:11     | 9677 ||| IDENTIFYING viscous red potion
  9678 | D:11     | 9678 ||| READING 2 scrolls of identify.
  9678 | D:11     | 9678 ||| IDENTIFYING golden potion
  9679 | D:11     | 9679 ||| DROPPING potion of attraction.
  9706 | Lair:1   | Entered Level 1 of the Lair of Beasts
  9818 | Lair:1   | 9818 ||| INVOKING Heroism.
  9845 | Lair:1   | 9845 ||| INVOKING Heroism.
  9848 | Lair:1   | 9848 ||| Stepping ~*~*~tactically~*~*~ (retreating).
  9849 | Lair:1   | 9849 ||| Stepping ~*~*~tactically~*~*~ (retreating).
  9850 | Lair:1   | 9850 ||| Stepping ~*~*~tactically~*~*~ (retreating).
  9851 | Lair:1   | 9851 ||| Stepping ~*~*~tactically~*~*~ (retreating).
  9852 | Lair:1   | 9852 ||| Stepping ~*~*~tactically~*~*~ (retreating).
  9853 | Lair:1   | 9853 ||| Stepping ~*~*~tactically~*~*~ (retreating).
  9854 | Lair:1   | 9854 ||| Stepping ~*~*~tactically~*~*~ (retreating).
  9855 | Lair:1   | 9855 ||| Stepping ~*~*~tactically~*~*~ (retreating).
  9856 | Lair:1   | 9856 ||| Stepping ~*~*~tactically~*~*~ (retreating).
  9858 | Lair:1   | 9858 ||| Stepping ~*~*~tactically~*~*~ (retreating).
  9859 | Lair:1   | 9859 ||| Stepping ~*~*~tactically~*~*~ (retreating).
  9860 | Lair:1   | 9860 ||| Stepping ~*~*~tactically~*~*~ (retreating).
  9871 | Lair:1   | 9871 ||| INVOKING Heroism.
  9983 | Lair:1   | Reached skill level 6 in Invocations
 10000 | Lair:1   | 10000 ||| RETREATING.
 10003 | Lair:1   | 10003 ||| RETREATING.
 10005 | Lair:1   | 10005 ||| Stepping ~*~*~tactically~*~*~ (retreating).
 10603 | Lair:2   | Identified the +0 robe of the Armoured One {Rampage rN+
                  | Str+4}
 10637 | Lair:2   | 10637 ||| RETREATING.
 10638 | Lair:2   | 10638 ||| Stepping ~*~*~tactically~*~*~ (retreating).
 10639 | Lair:2   | 10639 ||| INVOKING Heroism.
 10654 | Lair:2   | Reached ***** piety under Okawaru
 10666 | Lair:2   | Found a staircase to the Swamp.
 10715 | Lair:2   | Noticed a boulder beetle
 10716 | Lair:2   | 10716 ||| INVOKING Heroism.
 10732 | Lair:2   | Killed a boulder beetle
 10738 | Lair:2   | 10738 ||| INVOKING Heroism.
 10772 | Lair:2   | 10772 ||| RETREATING.
 10781 | Lair:2   | 10781 ||| RETREATING.
 10784 | Lair:2   | 10784 ||| Stepping ~*~*~tactically~*~*~ (retreating).
 10785 | Lair:2   | 10785 ||| Stepping ~*~*~tactically~*~*~ (retreating).
 10786 | Lair:2   | 10786 ||| INVOKING Heroism.
 10799 | Lair:2   | Reached skill level 16 in Ranged Weapons
 10818 | Lair:2   | 10818 ||| INVOKING Heroism.
 10869 | Lair:2   | Noticed a skyshark
 10890 | Lair:2   | Killed a skyshark
 10921 | Lair:2   | 10921 ||| RETREATING.
 10929 | Lair:2   | 10929 ||| RETREATING.
 10932 | Lair:2   | 10932 ||| Stepping ~*~*~tactically~*~*~ (retreating).
 10958 | Lair:2   | Found a hole to the Spider Nest.
 10959 | Lair:2   | 10959 ||| INVOKING Heroism.
 10963 | Lair:2   | Reached XP level 13. HP: 83/83 MP: 18/21
 11072 | Lair:2   | 11072 ||| Stepping ~*~*~tactically~*~*~ (retreating).
 11078 | Lair:2   | 11078 ||| RETREATING.
 11086 | Lair:2   | 11086 ||| Stepping ~*~*~tactically~*~*~ (retreating).
 11087 | Lair:2   | 11087 ||| Stepping ~*~*~tactically~*~*~ (retreating).
 11088 | Lair:2   | 11088 ||| Stepping ~*~*~tactically~*~*~ (retreating).
 11089 | Lair:2   | 11089 ||| Stepping ~*~*~tactically~*~*~ (retreating).
 11090 | Lair:2   | 11090 ||| Stepping ~*~*~tactically~*~*~ (retreating).
 11098 | Lair:2   | Reached skill level 9 in Invocations
 11446 | Lair:2   | Found a runed translucent gate.
 11446 | Lair:2   | Found a runed translucent gate.
 11446 | Lair:2   | Found a runed translucent gate.
 11475 | Lair:2   | Noticed qw's ghost (journeyman GrHs)
 11475 | Lair:2   | Noticed qw's ghost (journeyman GrFi)
 11732 | Lair:2   | 11732 ||| DROPPING +0 robe of the Armoured One {Rampage rN+
                  | Str+4}.
 11733 | Lair:2   | 11733 ||| READING 2 scrolls of identify.
 11733 | Lair:2   | 11733 ||| IDENTIFYING fizzy emerald potion
 11766 | Lair:3   | 11766 ||| STAIRDANCE
 11941 | Lair:3   | 11941 ||| FLEEEEING.
 11943 | Lair:3   | 11943 ||| FLEEEEING.
 11944 | Lair:3   | 11944 ||| FLEEEEING.
 11992 | Lair:3   | Found a glowing silver altar of Zin.
 12092 | Lair:3   | 12092 ||| INVOKING Heroism.
 12094 | Lair:3   | 12094 ||| RETREATING.
 12106 | Lair:3   | 12106 ||| RETREATING.
 12108 | Lair:3   | 12108 ||| Stepping ~*~*~tactically~*~*~ (retreating).
 12109 | Lair:3   | 12109 ||| Stepping ~*~*~tactically~*~*~ (retreating).
 12110 | Lair:3   | 12110 ||| Stepping ~*~*~tactically~*~*~ (retreating).
 12111 | Lair:3   | 12111 ||| Stepping ~*~*~tactically~*~*~ (retreating).
 12141 | Lair:3   | Identified the +3 cloak of the Hidden Vale {Will+ rCorr}
 12164 | Lair:3   | Noticed Urug
 12165 | Lair:3   | 12165 ||| INVOKING Heroism.
 12166 | Lair:3   | 12166 ||| INVOKING Finesse.
 12173 | Lair:3   | Killed Urug
 12273 | Lair:3   | 12273 ||| READING scroll of enchant weapon.
 12273 | Lair:3   | 12273 ||| ENCHANTING +1 heavy orcbow.
 12817 | Lair:3   | 12817 ||| DROPPING +1 cloak of poison resistance.
 12818 | Lair:3   | 12818 ||| UPGRADING to +3 cloak of the Hidden Vale {Will+
                  | rCorr}.
 12872 | Lair:4   | 12872 ||| INVOKING Heroism.
 12927 | Lair:4   | 12927 ||| INVOKING Heroism.
 12931 | Lair:4   | Reached skill level 6 in Dodging
 13051 | Lair:4   | 13051 ||| SWAPPING to +0 longbow.
 13052 | Lair:4   | 13052 ||| DROPPING +2 heavy orcbow.
 13097 | Lair:4   | 13097 ||| INVOKING Heroism.
 13399 | Lair:4   | Found a viscous altar of Jiyva.
 13399 | Lair:4   | Found a staircase to the Slime Pits.
 13774 | Lair:5   | Entered Level 5 of the Lair of Beasts
 13775 | Lair:5   | 13775 ||| Stepping ~*~*~tactically~*~*~ (retreating).
 13776 | Lair:5   | 13776 ||| RETREATING.
 13777 | Lair:5   | 13777 ||| Stepping ~*~*~tactically~*~*~ (retreating).
 13778 | Lair:5   | 13778 ||| Stepping ~*~*~tactically~*~*~ (retreating).
 13779 | Lair:5   | 13779 ||| Stepping ~*~*~tactically~*~*~ (retreating).
 13780 | Lair:5   | 13780 ||| Stepping ~*~*~tactically~*~*~ (retreating).
 13781 | Lair:5   | 13781 ||| Stepping ~*~*~tactically~*~*~ (retreating).
 13782 | Lair:5   | 13782 ||| INVOKING Heroism.
 13790 | Lair:5   | HP: 19/84 [black mamba (13)]
 13791 | Lair:5   | 13791 ||| READING 7 scrolls of teleportation.
 13791 | Lair:5   | HP: 7/84 [blink frog (14)]
 13797 | Lair:5   | Identified the +1 plate armour of Rotation {Will+ Int+3}
                  | (Okawaru gifted it to you on level 5 of the Lair of Beasts)
 13797 | Lair:5   | Received a gift from Okawaru
 13819 | Lair:5   | 13819 ||| RETREATING.
 13832 | Lair:5   | 13832 ||| Stepping ~*~*~tactically~*~*~ (retreating).
 13833 | Lair:5   | 13833 ||| Stepping ~*~*~tactically~*~*~ (retreating).
 13845 | Lair:5   | 13845 ||| INVOKING Heroism.
 13849 | Lair:5   | 13849 ||| RETREATING.
 13856 | Lair:5   | 13856 ||| Stepping ~*~*~tactically~*~*~ (retreating).
 13884 | Lair:5   | Reached skill level 17 in Ranged Weapons
 13917 | Lair:5   | 13917 ||| INVOKING Heroism.
 13920 | Lair:5   | 13920 ||| Stepping ~*~*~tactically~*~*~ (retreating).
 13921 | Lair:5   | 13921 ||| Stepping ~*~*~tactically~*~*~ (retreating).
 13935 | Lair:5   | 13935 ||| Stepping ~*~*~tactically~*~*~ (outnumbered).
 13945 | Lair:5   | 13945 ||| RETREATING.
 13950 | Lair:5   | 13950 ||| Stepping ~*~*~tactically~*~*~ (retreating).
 13967 | Lair:5   | 13967 ||| INVOKING Heroism.
 14010 | Lair:5   | 14010 ||| RETREATING.
 14011 | Lair:5   | 14011 ||| Stepping ~*~*~tactically~*~*~ (retreating).
 14012 | Lair:5   | 14012 ||| Stepping ~*~*~tactically~*~*~ (retreating).
 14013 | Lair:5   | 14013 ||| Stepping ~*~*~tactically~*~*~ (retreating).
 14014 | Lair:5   | 14014 ||| Stepping ~*~*~tactically~*~*~ (retreating).
 14015 | Lair:5   | 14015 ||| Stepping ~*~*~tactically~*~*~ (retreating).
 14016 | Lair:5   | 14016 ||| Stepping ~*~*~tactically~*~*~ (retreating).
 14017 | Lair:5   | 14017 ||| Stepping ~*~*~tactically~*~*~ (retreating).
 14018 | Lair:5   | 14018 ||| Stepping ~*~*~tactically~*~*~ (retreating).
 14021 | Lair:5   | 14021 ||| Stepping ~*~*~tactically~*~*~ (retreating).
 14022 | Lair:5   | 14022 ||| Stepping ~*~*~tactically~*~*~ (retreating).
 14023 | Lair:5   | 14023 ||| Stepping ~*~*~tactically~*~*~ (retreating).
 14024 | Lair:5   | 14024 ||| Stepping ~*~*~tactically~*~*~ (retreating).
 14025 | Lair:5   | 14025 ||| INVOKING Heroism.
 14049 | Lair:5   | 14049 ||| Stepping ~*~*~tactically~*~*~ (retreating).
 14050 | Lair:5   | 14050 ||| Stepping ~*~*~tactically~*~*~ (retreating).
 14051 | Lair:5   | 14051 ||| Stepping ~*~*~tactically~*~*~ (retreating).
 14052 | Lair:5   | 14052 ||| Stepping ~*~*~tactically~*~*~ (retreating).
 14054 | Lair:5   | 14054 ||| Stepping ~*~*~tactically~*~*~ (retreating).
 14055 | Lair:5   | 14055 ||| Stepping ~*~*~tactically~*~*~ (retreating).
 14056 | Lair:5   | 14056 ||| Stepping ~*~*~tactically~*~*~ (retreating).
 14058 | Lair:5   | 14058 ||| Stepping ~*~*~tactically~*~*~ (retreating).
 14062 | Lair:5   | 14062 ||| Stepping ~*~*~tactically~*~*~ (retreating).
 14063 | Lair:5   | 14063 ||| Stepping ~*~*~tactically~*~*~ (retreating).
 14064 | Lair:5   | 14064 ||| Stepping ~*~*~tactically~*~*~ (retreating).
 14065 | Lair:5   | 14065 ||| Stepping ~*~*~tactically~*~*~ (retreating).
 14066 | Lair:5   | 14066 ||| Stepping ~*~*~tactically~*~*~ (retreating).
 14067 | Lair:5   | 14067 ||| Stepping ~*~*~tactically~*~*~ (retreating).
 14068 | Lair:5   | 14068 ||| Stepping ~*~*~tactically~*~*~ (retreating).
 14069 | Lair:5   | 14069 ||| INVOKING Heroism.
 14070 | Lair:5   | 14070 ||| Stepping ~*~*~tactically~*~*~ (retreating).
 14120 | Lair:5   | Gained mutation: Your large and strong wings let you fly.
                  | [Gargoyle growth]
 14120 | Lair:5   | Reached XP level 14. HP: 90/90 MP: 23/23
 14146 | Lair:5   | Reached skill level 18 in Ranged Weapons
 14155 | Lair:5   | 14155 ||| Stepping ~*~*~tactically~*~*~ (retreating).
 14156 | Lair:5   | 14156 ||| Stepping ~*~*~tactically~*~*~ (retreating).
 14157 | Lair:5   | 14157 ||| Stepping ~*~*~tactically~*~*~ (retreating).
 14162 | Lair:5   | 14162 ||| Stepping ~*~*~tactically~*~*~ (retreating).
 14170 | Lair:5   | 14170 ||| INVOKING Heroism.
 14174 | Lair:5   | 14174 ||| RETREATING.
 14176 | Lair:5   | 14176 ||| Stepping ~*~*~tactically~*~*~ (retreating).
 14177 | Lair:5   | 14177 ||| Stepping ~*~*~tactically~*~*~ (retreating).
 14248 | Lair:5   | Reached skill level 12 in Fighting
 14260 | Lair:5   | 14260 ||| READING scroll of enchant armour.
 14260 | Lair:5   | 14260 ||| ENCHANTING +0 helmet.
 14298 | Lair:5   | 14298 ||| INVOKING Heroism.
 14326 | Lair:5   | 14326 ||| RETREATING.
 14327 | Lair:5   | 14327 ||| Stepping ~*~*~tactically~*~*~ (retreating).
 14328 | Lair:5   | 14328 ||| Stepping ~*~*~tactically~*~*~ (retreating).
 14329 | Lair:5   | 14329 ||| Stepping ~*~*~tactically~*~*~ (retreating).
 14330 | Lair:5   | 14330 ||| Stepping ~*~*~tactically~*~*~ (retreating).
 14331 | Lair:5   | 14331 ||| Stepping ~*~*~tactically~*~*~ (retreating).
 14332 | Lair:5   | 14332 ||| Stepping ~*~*~tactically~*~*~ (retreating).
 14333 | Lair:5   | 14333 ||| Stepping ~*~*~tactically~*~*~ (retreating).
 14334 | Lair:5   | 14334 ||| Stepping ~*~*~tactically~*~*~ (retreating).
 14335 | Lair:5   | 14335 ||| Stepping ~*~*~tactically~*~*~ (retreating).
 14803 | Lair:5   | 14803 ||| PLANNING D
 14803 | Lair:5   | 14803 ||| UPGRADING to +0 pair of boots.
 14808 | Lair:5   | 14808 ||| DROPPING ring of ice.
 14809 | Lair:5   | 14809 ||| READING 3 scrolls of identify.
 14809 | Lair:5   | 14809 ||| IDENTIFYING clear potion
 14810 | Lair:5   | 14810 ||| DROPPING potion of lignification.
 14968 | D:12     | Noticed Kirke
 14969 | D:12     | 14969 ||| Stepping ~*~*~tactically~*~*~ (retreating).
 14970 | D:12     | 14970 ||| Stepping ~*~*~tactically~*~*~ (retreating).
 14971 | D:12     | 14971 ||| INVOKING Heroism.
 14972 | D:12     | 14972 ||| INVOKING Finesse.
 14973 | D:12     | 14973 ||| INVOKING Finesse.
 14984 | D:12     | Killed Kirke
 15032 | D:12     | HP: 18/92 [skeletal warrior/+0 glaive (13)]
 15033 | D:12     | 15033 ||| READING 6 scrolls of teleportation.
 15033 | D:12     | Slain by a skeletal warrior

Levels and vault maps discovered:
D:1:      minmay_arrival_widening_spiral_narrow, layout_loops_ring
D:2:      cheibrodos_pilgrimage, layout_basic,
          nicolae_ecumenical_snake_handling, minmay_misc_feat_cross,
          serial_bayou_ford_a, serial_park_tiny_1,
          chequers_serial_rivers_small_a, hex_intersection
D:3:      layout_loops_ring, lemuel_tele_altar, nicolae_ru_awakened_eye,
          nemelex_diamond_rough_becter, mainiacjoe_overflow_alcove_4,
          wad_orctagon
D:4:      layout_loops_corners, mainiacjoe_overflow_boulevard
D:5:      old_forge, layout_basic, general_overflow_altar,
          minmay_temple_entry_glassed_door, portal_sewer_entry_f,
          hangedman_abyss_or_decor_lesser_grid, uniq_menkaure, uniq_sigmund,
          uniq_edmund, uniq_prince_ribbit1
D:6:      layout_basic, vehumet_crystals, serial_shops, kennysheep_little_box,
          minmay_puff
D:7:      layout_gridville, kennysheep_mini, grunt_decor_mini_mirrors,
          uniq_maggie, uniq_pikel
D:8:      layout_loops_ring, grunt_qazlal_clouds, solitary_fountain,
          kennysheep_doodads, kennysheep_generic_room_16
D:9:      layout_gridville, kennysheep_decorative_pillar
D:10:     layout_irregular_city, david_orc_4
D:11:     layout_rooms, lair_entry_dummy, serial_shops, shop, uniq_sonja
D:12:     layout_cave_pods, muffindrake_ghost_dual_entry, uniq_kirke
Temple:   hellmonk_temple_forest_ring
Lair:1:   layout_small_grid, grunt_megastairs_1, infiniplex_staircase_pool
Lair:2:   layout_layer_cave, minmay_swamp_entry_reptiles,
          nicolae_spider_entry_lesser_pyramids, gammafunk_ghost_cemetery
Lair:3:   layout_loops_ring, basic_altar, uniq_urug
Lair:4:   layout_layer_cave, dpeg_slime_entry_enclosed
Lair:5:   minmay_lair_end_frog_pond, layout_hall_layers

Skill      XL: |  1  2  3  4  5  6  7  8  9 10 11 12 13 14 |
---------------+-------------------------------------------+-----
Armour         | 1 2 3 4 5 |  5.4
Ranged Weapons | 5 6 7 8 10 11 13 15 16 17 18 | 18.7
Fighting       | 4 5 6 8 9 10 11 12 | 12.0
Dodging        | 2 3 5 6 |  6.0
Invocations    | 4 8 10 | 10.0
Stealth        | |  1.1

Action                     |  1- 3 |  4- 6 |  7- 9 | 10-12 | 13-15 || total
---------------------------+-------+-------+-------+-------+-------++-------
  Melee: Shortbow          |       |     3 |       |       |       ||     3
         Unarmed           |       |       |    19 |       |       ||    19
   Fire: Shortbow          |    93 |   210 |       |       |       ||   303
         Orcbow            |       |       |   443 |   697 |    99 ||  1239
         Longbow           |       |       |       |       |   540 ||   540
 Invoke: Heroism           |       |       |     3 |    32 |    14 ||    49
         Finesse           |       |       |       |       |     2 ||     2
    Use: Scroll            |     4 |     5 |     5 |     6 |     6 ||    26
         Potion            |       |     1 |     3 |     7 |       ||    11
 Armour: Leather armour    |     8 |       |       |       |       ||     8
         Ring mail         |     7 |    32 |    30 |    40 |       ||   109
         Robe              |       |    12 |    58 |    31 |   136 ||   237
         Skin              |       |     1 |     5 |     2 |       ||     8
         Acid dragon scale |       |       |       |   155 |       ||   155
  Dodge: Dodged            |    20 |    92 |   342 |   734 |   447 ||  1635

Table legend:
 A = Non-vault XP
 B = Vault XP
 C = Vault XP percentage of total XP
 D = Non-vault monster count
 E = Vault monster count
 F = Vault count percentage of total count
                 A         B        C        D         E       F
            +---------+---------+-------+---------+---------+-------
      Total |   48755 |   18613 |  27.6 |     332 |     108 |  24.5
            +---------+---------+-------+---------+---------+-------
        D:1 |      30 |       0 |   0.0 |      16 |       0 |   0.0
        D:2 |     181 |      83 |  31.4 |      21 |       9 |  30.0
        D:3 |      29 |      12 |  29.3 |      13 |       4 |  23.5
        D:4 |     321 |       0 |   0.0 |      16 |       0 |   0.0
        D:5 |     780 |    1237 |  61.3 |      28 |      21 |  42.9
        D:6 |     724 |     821 |  53.1 |      24 |       5 |  17.2
        D:7 |    1372 |     389 |  22.1 |      25 |       1 |   3.8
        D:8 |    1063 |     173 |  14.0 |      10 |       2 |  16.7
        D:9 |    3619 |       0 |   0.0 |      23 |       0 |   0.0
       D:10 |    2731 |     786 |  22.3 |      19 |      17 |  47.2
       D:11 |    4453 |     782 |  14.9 |      16 |       1 |   5.9
       D:12 |    1117 |    1384 |  55.3 |       4 |       1 |  20.0
     Lair:1 |    5075 |     571 |  10.1 |      27 |       4 |  12.9
     Lair:2 |    7052 |    1834 |  20.6 |      27 |       7 |  20.6
     Lair:3 |    2104 |     792 |  27.3 |       8 |       1 |  11.1
     Lair:4 |    4852 |       0 |   0.0 |      17 |       0 |   0.0
     Lair:5 |   13252 |    9749 |  42.4 |      38 |      35 |  47.9
            +---------+---------+-------+---------+---------+-------
